[ PARTIDA AOE2 · #505307575 ]
UnrankedTeutones vs Huns
Equipo del jugador · DERR
Equipo rival · VICT
[ ANÁLISIS DE REPETICIÓN · EXTRAÍDO DE LA PARTIDA GRABADA ]
Feudal
10:12
Castillos
22:09
Imperial
39:23
| APM promedio | 47.0 |
| APM pico | 109 |
| eAPM promedio | 28.0 |
| Aldeanos / militares | 143 / 258 |
Foco
⚔️ 39.7% · 🌾 60.3%
Spearman ×149 · Skirmisher ×91 · Battering Ram ×18 · Fishing Ship ×1
Feudal
10:56
Castillos
17:29
Imperial
34:40
| APM promedio | 51.9 |
| APM pico | 97 |
| eAPM promedio | 26.5 |
| Aldeanos / militares | 187 / 166 |
Foco
⚔️ 30.7% · 🌾 69.3%
Cavalry Archer ×83 · Tarkan ×71 · Fishing Ship ×10 · Trebuchet (Packed) ×6 · Monk ×2 · Transport Ship ×2
Mapa de la partida
Recursos iniciales + cada clic de construcción. Líneas = muros · curvas = relieve. ◆ oro · ⬟ piedra · ● bayas · ✦ reliquia · ◌ hueco del cierre
Tu base· ✓ Cerrada en 22:09 · 36t muro · sin puerta
Base de ruuupert· Abierta — el rival se encerró
Terreno inicial suavizado · ◌ = hueco del cierre detectado · pasá el cursor para detalles
Inputs por minuto
— Omit the Wise - - ruuupert
Build order — Omit the Wise
Primeras 150 de 618 acciones detectadas
| 0:00 | Encolar | Villager (Male) |
| 0:00 | Encolar | Villager (Male) |
| 0:02 | Construir | House |
| 0:03 | Construir | House |
| 0:08 | Encolar | Villager (Male) |
| 0:08 | Encolar | Villager (Male) |
| 1:33 | Encolar | Villager (Male) |
| 1:52 | Encolar | Villager (Male) |
| 1:55 | Construir | Lumber Camp |
| 2:26 | Encolar | Villager (Male) |
| 2:44 | Encolar | Villager (Male) |
| 3:19 | Encolar | Villager (Male) |
| 3:25 | Construir | House |
| 3:35 | Encolar | Villager (Male) |
| 3:50 | Construir | House |
| 4:03 | Encolar | Villager (Male) |
| 4:20 | Encolar | Villager (Male) |
| 4:52 | Encolar | Villager (Male) |
| 4:54 | Encolar | Villager (Male) |
| 5:23 | Construir | Dock |
| 5:29 | Encolar | Villager (Male) |
| 6:13 | Encolar | Villager (Male) |
| 6:13 | Investigar | Loom |
| 6:52 | Construir | Mining Camp |
| 6:55 | Construir | Mining Camp |
| 7:06 | Encolar | Villager (Male) |
| 7:29 | Encolar | Villager (Male) |
| 8:02 | Investigar | Feudal Age |
| 8:49 | Encolar | Villager (Male) |
| 8:52 | Encolar | Fishing Ship |
| 8:58 | Construir | House |
| 9:13 | Construir | Palisade Wall |
| 9:22 | Construir | House |
| 9:48 | Encolar | Villager (Male) |
| 10:12 | Edad | Edad Feudal |
| 10:17 | Construir | Watch Tower |
| 10:27 | Construir | Watch Tower |
| 10:31 | Construir | House |
| 10:33 | Encolar | Villager (Male) |
| 10:39 | Construir | Mill |
| 10:57 | Construir | Palisade Wall |
| 10:58 | Construir | Palisade Wall |
| 11:22 | Construir | Palisade Wall |
| 11:23 | Construir | Palisade Wall |
| 11:23 | Construir | Palisade Wall |
| 11:27 | Encolar | Villager (Male) |
| 11:38 | Encolar | Villager (Male) |
| 11:40 | Construir | Farm |
| 11:57 | Encolar | Villager (Male) |
| 12:09 | Encolar | Villager (Male) |
| 12:29 | Construir | Watch Tower |
| 12:33 | Encolar | Villager (Male) |
| 12:36 | Construir | Farm |
| 12:45 | Construir | Farm |
| 13:05 | Construir | House |
| 13:08 | Construir | Palisade Wall |
| 13:11 | Encolar | Villager (Male) |
| 13:13 | Construir | Farm |
| 13:27 | Construir | Blacksmith |
| 13:30 | Construir | Palisade Wall |
| 13:31 | Construir | Palisade Wall |
| 13:31 | Construir | Palisade Wall |
| 13:40 | Encolar | Villager (Male) |
| 13:42 | Construir | Farm |
| 13:53 | Construir | House |
| 13:54 | Construir | Palisade Wall |
| 14:00 | Encolar | Villager (Male) |
| 14:01 | Construir | Farm |
| 14:19 | Investigar | Fletching |
| 14:20 | Encolar | Villager (Male) |
| 14:24 | Construir | House |
| 14:26 | Construir | Palisade Wall |
| 14:31 | Construir | Farm |
| 14:31 | Construir | Farm |
| 14:33 | Construir | Farm |
| 14:46 | Construir | House |
| 15:00 | Encolar | Villager (Male) |
| 15:03 | Construir | Farm |
| 15:06 | Encolar | Villager (Male) |
| 15:45 | Encolar | Villager (Male) |
| 15:49 | Construir | Farm |
| 15:50 | Investigar | Double-Bit Axe |
| 16:11 | Encolar | Villager (Male) |
| 16:16 | Construir | Farm |
| 16:18 | Encolar | Villager (Male) |
| 16:33 | Encolar | Villager (Male) |
| 16:36 | Construir | Farm |
| 16:36 | Construir | Farm |
| 16:52 | Encolar | Villager (Male) |
| 16:54 | Investigar | Horse Collar |
| 17:04 | Construir | Watch Tower |
| 17:15 | Construir | Watch Tower |
| 17:16 | Encolar | Villager (Male) |
| 17:28 | Encolar | Villager (Male) |
| 17:40 | Construir | Market |
| 18:07 | Construir | Mining Camp |
| 18:35 | Construir | House |
| 18:36 | Construir | Palisade Wall |
| 18:40 | Construir | Palisade Wall |
| 18:41 | Construir | Palisade Wall |
| 18:44 | Construir | House |
| 18:45 | Construir | Palisade Wall |
| 18:45 | Construir | Palisade Wall |
| 19:21 | Encolar | Villager (Male) |
| 19:29 | Investigar | Castle Age |
| 19:55 | Encolar | Villager (Male) |
| 20:01 | Construir | House |
| 20:03 | Construir | House |
| 21:10 | Construir | Watch Tower |
| 21:21 | Construir | Lumber Camp |
| 21:37 | Construir | House |
| 21:50 | Construir | Watch Tower |
| 22:07 | Encolar | Villager (Male) |
| 22:09 | Edad | Edad de los Castillos |
| 22:13 | Investigar | Bodkin Arrow |
| 22:16 | Encolar | Skirmisher |
| 22:17 | Investigar | Elite Skirmisher (upgrade) |
| 22:35 | Encolar | Villager (Male) |
| 22:46 | Encolar | Villager (Male) |
| 23:19 | Construir | Town Center |
| 23:34 | Encolar | Villager (Male) |
| 23:35 | Encolar | Villager (Male) |
| 23:44 | Encolar | Skirmisher |
| 23:44 | Encolar | Skirmisher |
| 23:44 | Encolar | Skirmisher |
| 23:47 | Investigar | Padded Archer Armor |
| 23:54 | Construir | House |
| 23:56 | Encolar | Villager (Male) |
| 24:11 | Construir | Palisade Wall |
| 24:15 | Construir | Palisade Wall |
| 24:17 | Construir | Palisade Wall |
| 24:20 | Construir | Palisade Wall |
| 24:21 | Construir | Palisade Wall |
| 24:22 | Encolar | Villager (Male) |
| 24:42 | Construir | Palisade Wall |
| 24:43 | Construir | Palisade Wall |
| 24:45 | Encolar | Villager (Male) |
| 24:57 | Construir | Town Center |
| 25:03 | Encolar | Villager (Male) |
| 25:11 | Construir | Farm |
| 25:12 | Construir | Farm |
| 25:31 | Encolar | Villager (Male) |
| 25:32 | Encolar | Villager (Male) |
| 25:33 | Investigar | Wheelbarrow |
| 25:35 | Encolar | Villager (Male) |
| 25:39 | Encolar | Skirmisher |
| 25:40 | Encolar | Skirmisher |
| 25:45 | Encolar | Skirmisher |
| 25:53 | Encolar | Villager (Male) |
| 25:54 | Investigar | Town Watch |
Build order — ruuupert
Primeras 150 de 481 acciones detectadas
| 0:00 | Encolar | Villager (Male) |
| 0:04 | Encolar | Villager (Male) |
| 0:04 | Encolar | Villager (Male) |
| 0:06 | Encolar | Villager (Male) |
| 1:21 | Encolar | Villager (Male) |
| 1:46 | Encolar | Villager (Male) |
| 2:09 | Construir | Lumber Camp |
| 2:17 | Encolar | Villager (Male) |
| 2:17 | Encolar | Villager (Male) |
| 2:44 | Encolar | Villager (Male) |
| 3:15 | Encolar | Villager (Male) |
| 3:43 | Encolar | Villager (Male) |
| 3:46 | Encolar | Villager (Male) |
| 4:18 | Encolar | Villager (Male) |
| 4:43 | Encolar | Villager (Male) |
| 4:43 | Encolar | Villager (Male) |
| 5:35 | Construir | Dock |
| 5:45 | Encolar | Villager (Male) |
| 5:45 | Encolar | Villager (Male) |
| 5:48 | Encolar | Villager (Male) |
| 5:50 | Encolar | Villager (Male) |
| 6:08 | Encolar | Villager (Male) |
| 6:08 | Encolar | Villager (Male) |
| 6:16 | Construir | Mill |
| 6:38 | Encolar | Villager (Male) |
| 6:59 | Encolar | Fishing Ship |
| 7:00 | Encolar | Fishing Ship |
| 7:10 | Encolar | Villager (Male) |
| 7:50 | Encolar | Fishing Ship |
| 8:34 | Investigar | Feudal Age |
| 8:34 | Investigar | Feudal Age |
| 8:35 | Investigar | Loom |
| 8:40 | Encolar | Fishing Ship |
| 8:46 | Encolar | Fishing Ship |
| 9:04 | Construir | Mining Camp |
| 10:17 | Construir | Palisade Wall |
| 10:19 | Construir | Palisade Wall |
| 10:21 | Construir | Palisade Wall |
| 10:23 | Construir | Palisade Wall |
| 10:24 | Construir | Palisade Wall |
| 10:36 | Construir | Palisade Wall |
| 10:38 | Construir | Palisade Wall |
| 10:41 | Construir | Palisade Wall |
| 10:43 | Construir | Palisade Wall |
| 10:44 | Construir | Palisade Wall |
| 10:46 | Construir | Palisade Wall |
| 10:56 | Edad | Edad Feudal |
| 11:00 | Encolar | Galley |
| 11:09 | Encolar | Villager (Male) |
| 11:20 | Investigar | Double-Bit Axe |
| 11:21 | Investigar | Double-Bit Axe |
| 11:42 | Construir | Watch Tower |
| 11:51 | Encolar | Villager (Male) |
| 11:51 | Encolar | Villager (Male) |
| 12:17 | Encolar | Fishing Ship |
| 12:34 | Encolar | Villager (Male) |
| 12:37 | Construir | Blacksmith |
| 12:40 | Construir | Lumber Camp |
| 12:43 | Encolar | Villager (Male) |
| 13:14 | Encolar | Villager (Male) |
| 13:24 | Construir | Mining Camp |
| 13:48 | Encolar | Villager (Male) |
| 14:05 | Construir | Market |
| 14:07 | Encolar | Villager (Male) |
| 14:49 | Investigar | Castle Age |
| 14:49 | Investigar | Castle Age |
| 14:52 | Encolar | Fishing Ship |
| 15:47 | Encolar | Villager (Male) |
| 16:23 | Construir | Watch Tower |
| 16:49 | Construir | Farm |
| 16:51 | Investigar | Horse Collar |
| 16:53 | Construir | Farm |
| 16:53 | Construir | Farm |
| 16:53 | Construir | Farm |
| 16:53 | Construir | Farm |
| 16:56 | Construir | Farm |
| 16:57 | Construir | Farm |
| 17:06 | Construir | Palisade Wall |
| 17:18 | Investigar | Fletching |
| 17:29 | Edad | Edad de los Castillos |
| 17:36 | Encolar | Cavalry Archer |
| 17:40 | Construir | Siege Workshop |
| 17:55 | Construir | Town Center |
| 17:58 | Encolar | Villager (Male) |
| 18:00 | Construir | Farm |
| 18:05 | Encolar | Villager (Male) |
| 18:39 | Encolar | Mangonel |
| 18:46 | Encolar | Villager (Male) |
| 19:03 | Construir | Farm |
| 19:03 | Encolar | Villager (Male) |
| 19:12 | Encolar | Cavalry Archer |
| 19:12 | Encolar | Cavalry Archer |
| 19:14 | Encolar | Villager (Male) |
| 19:22 | Construir | Watch Tower |
| 19:26 | Encolar | Villager (Male) |
| 20:02 | Encolar | Villager (Male) |
| 20:05 | Construir | Farm |
| 20:06 | Construir | Farm |
| 20:09 | Encolar | Villager (Male) |
| 20:37 | Encolar | Villager (Male) |
| 20:37 | Encolar | Villager (Male) |
| 21:05 | Encolar | Cavalry Archer |
| 21:09 | Construir | Lumber Camp |
| 21:10 | Encolar | Villager (Male) |
| 21:28 | Construir | Farm |
| 21:31 | Construir | Farm |
| 21:34 | Encolar | Villager (Male) |
| 21:37 | Encolar | Villager (Male) |
| 21:38 | Encolar | Villager (Male) |
| 22:11 | Encolar | Villager (Male) |
| 22:11 | Encolar | Villager (Male) |
| 22:18 | Construir | Farm |
| 22:19 | Construir | Farm |
| 22:19 | Construir | Farm |
| 22:24 | Construir | Farm |
| 22:25 | Construir | Farm |
| 22:29 | Encolar | Villager (Male) |
| 22:29 | Encolar | Villager (Male) |
| 22:35 | Encolar | Cavalry Archer |
| 22:35 | Encolar | Cavalry Archer |
| 22:50 | Encolar | Villager (Male) |
| 22:58 | Encolar | Villager (Male) |
| 23:11 | Investigar | Gold Mining |
| 23:23 | Encolar | Villager (Male) |
| 23:24 | Encolar | Villager (Male) |
| 23:33 | Construir | Barracks |
| 23:46 | Encolar | Villager (Male) |
| 23:55 | Construir | Castle |
| 23:59 | Encolar | Villager (Male) |
| 23:59 | Encolar | Villager (Male) |
| 24:09 | Encolar | Villager (Male) |
| 24:11 | Construir | Farm |
| 24:25 | Encolar | Cavalry Archer |
| 24:26 | Encolar | Cavalry Archer |
| 24:46 | Investigar | Bow Saw |
| 24:48 | Encolar | Villager (Male) |
| 24:51 | Construir | Farm |
| 24:51 | Construir | Farm |
| 25:09 | Construir | Stable |
| 25:13 | Encolar | Villager (Male) |
| 25:15 | Encolar | Villager (Male) |
| 25:15 | Encolar | Villager (Male) |
| 25:37 | Investigar | Bodkin Arrow |
| 25:37 | Investigar | Bodkin Arrow |
| 25:39 | Encolar | Villager (Male) |
| 25:54 | Construir | Town Center |
| 26:05 | Encolar | Cavalry Archer |
| 26:11 | Investigar | Bloodlines |
| 26:21 | Construir | Farm |
| 26:21 | Construir | Farm |
Cronología de la partida
| 5:23 | Omit the Wise · first_building Dock |
| 5:35 | ruuupert · first_building Dock |
| 9:13 | Omit the Wise · wall_segment Palisade Wall x1 |
| 10:12 | Omit the Wise · age_up feudal |
| 10:17 | ruuupert · wall_segment Palisade Wall x1 |
| 10:19 | ruuupert · wall_segment Palisade Wall x1 |
| 10:21 | ruuupert · wall_segment Palisade Wall x1 |
| 10:23 | ruuupert · wall_segment Palisade Wall x1 |
| 10:24 | ruuupert · wall_segment Palisade Wall x1 |
| 10:36 | ruuupert · wall_segment Palisade Wall x1 |
| 10:38 | ruuupert · wall_segment Palisade Wall x1 |
| 10:41 | ruuupert · wall_segment Palisade Wall x1 |
| 10:43 | ruuupert · wall_segment Palisade Wall x1 |
| 10:44 | ruuupert · wall_segment Palisade Wall x1 |
| 10:46 | ruuupert · wall_segment Palisade Wall x1 |
| 10:56 | ruuupert · age_up feudal |
| 10:57 | Omit the Wise · wall_segment Palisade Wall x1 |
| 10:58 | Omit the Wise · wall_segment Palisade Wall x1 |
| 11:22 | Omit the Wise · wall_segment Palisade Wall x1 |
| 11:23 | Omit the Wise · wall_segment Palisade Wall x1 |
| 11:23 | Omit the Wise · wall_segment Palisade Wall x1 |
| 13:08 | Omit the Wise · wall_segment Palisade Wall x7 |
| 13:30 | Omit the Wise · wall_segment Palisade Wall x1 |
| 13:31 | Omit the Wise · wall_segment Palisade Wall x1 |
| 13:31 | Omit the Wise · wall_segment Palisade Wall x1 |
| 13:54 | Omit the Wise · wall_segment Palisade Wall x5 |
| 14:26 | Omit the Wise · wall_segment Palisade Wall x9 |
| 14:47 | ruuupert · first_market_buy 100 food |
| 14:47 | ruuupert · first_market_sell 100 wood |
| 17:06 | ruuupert · wall_segment Palisade Wall x2 |
| 17:29 | ruuupert · age_up castle |
| 17:40 | ruuupert · first_building Siege Workshop |
| 18:36 | Omit the Wise · wall_segment Palisade Wall x3 |
| 18:40 | Omit the Wise · wall_segment Palisade Wall x1 |
| 18:41 | Omit the Wise · wall_segment Palisade Wall x1 |
| 18:45 | Omit the Wise · wall_segment Palisade Wall x1 |
| 18:45 | Omit the Wise · wall_segment Palisade Wall x1 |
| 19:24 | Omit the Wise · first_market_sell 100 stone |
| 22:09 | Omit the Wise · age_up castle |
| 22:56 | Omit the Wise · first_market_buy 100 wood |
| 23:33 | ruuupert · first_building Barracks |
| 23:55 | ruuupert · first_building Castle |
| 24:11 | Omit the Wise · wall_segment Palisade Wall x1 |
| 24:15 | Omit the Wise · wall_segment Palisade Wall x1 |
| 24:17 | Omit the Wise · wall_segment Palisade Wall x5 |
| 24:20 | Omit the Wise · wall_segment Palisade Wall x2 |
| 24:21 | Omit the Wise · wall_segment Palisade Wall x5 |
| 24:42 | Omit the Wise · wall_segment Palisade Wall x1 |
| 24:43 | Omit the Wise · wall_segment Palisade Wall x1 |
| 25:09 | ruuupert · first_building Stable |
| 26:12 | Omit the Wise · wall_segment Palisade Wall x1 |
| 26:47 | Omit the Wise · first_building Siege Workshop |
| 27:15 | Omit the Wise · first_building Barracks |
| 27:22 | ruuupert · first_building Archery Range |
| 28:37 | ruuupert · first_building Monastery |
| 32:52 | Omit the Wise · first_building Castle |
| 34:40 | ruuupert · age_up imperial |
| 36:23 | Omit the Wise · first_building Stable |
| 37:54 | Omit the Wise · first_building Archery Range |
| 39:23 | Omit the Wise · age_up imperial |
| 42:37 | Omit the Wise · wall_segment Palisade Wall x1 |
| 52:27 | Omit the Wise · resign |
[ ANÁLISIS IA · 1 CRÉDITO ]
¿Qué pasó realmente en esta partida?
Wolo.gg analiza cada decisión: build order, eco, micro, errores típicos por bracket. Análisis personalizado por WhatsApp o Discord en 30 segundos.
Guía civ
Teutones
Perfil
Jugador #15935362